 Dungeon Crawl Stone Soup version 0.27.1-2-g3b301248ec (webtiles) character file.

Game seed: 14142961362526188300

182 Spyer the Chopper (level 5, 0/46 HPs)
             Began as a Hill Orc Berserker on Oct 5, 2021.
             Was a Believer of Trog.
             Killed by nerve-wracking pain
             ... invoked by a shadow imp
              (8 damage)
             ... on level 5 of the Dungeon.
             The game lasted 00:15:14 (1938 turns).

Spyer the Chopper (Hill Orc Berserker)              Turns: 1938, Time: 00:15:16

Health: 0/46       AC:  5    Str: 21    XL:     5   Next: 61%
Magic:  5/5        EV: 11    Int:  7    God:    Trog [**....]
Gold:   61         SH:  0    Dex: 10    Spells: 4/4 levels left

rFire    . . .     SeeInvis .   a - +0 hand axe
rCold    . . .     Faith    .   (no shield)
rNeg     . . .     Spirit   .   j - +0 ring mail
rPois    .         Reflect  .   (no helmet)
rElec    .         Harm     .   (no cloak)
rCorr    .         Rampage  .   (no gloves)
Will     .....                  (no boots)
Stlth    ..........             (no amulet)
HPRegen  0.15/turn              (no ring)
MPRegen  0.09/turn              (no ring)

@: marked, on berserk cooldown, slowed, very slow
A: no striking features
a: Renounce Religion, Berserk, Trog's Hand


You were on level 5 of the Dungeon.
You worshipped Trog.
Trog was pleased with you.
You visited 1 branch of the dungeon, and saw 4 of its levels.

You collected 61 gold pieces.

Inventory:

Hand Weapons
 a - a +0 hand axe (weapon)
 n - a +3 quarterstaff of chaos
Armour
 b - a +0 animal skin
 j - a +0 ring mail (worn)
 o - a +0 cloak
 s - a +0 robe of cold resistance
Magical Staves
 q - a staff of poison
Jewellery
 h - a ring of positive energy
 p - an amulet of magic regeneration
Scrolls
 d - a scroll of fear {unknown}
 e - a scroll of teleportation {unknown}
 f - a scroll of enchant armour {unknown}
 g - 2 scrolls of identify {unknown}
 k - a scroll of acquirement {unknown}
Potions
 c - 2 potions of invisibility {unknown}
 i - a potion of cancellation {unknown}
 l - a potion of degeneration {unknown}
 m - a potion of ambrosia {unknown}
 r - a potion of curing {unknown}


   Skills:
 - Level 4.1 Fighting
 - Level 6.1 Axes
 + Level 3.3 Armour
 + Level 2.6 Dodging


You had 4 spell levels left.
You didn't know any spells.
Your spell library was empty.

Dungeon Overview and Level Annotations

Branches:
Dungeon (3/15)

Altars:

Shops:
D:2 (


Message History

A shadow imp comes into view.
Things that are here:
a +0 dagger; 2 poisoned darts You closely miss the kobold. x2; The kobold unwields a +0 hand crossbow.
The kobold wields a +0 dagger.
The kobold misses you. The kobold barely misses you.
The kobold hits you but does no damage.
You hit the kobold but do no damage. You hit the kobold.
You kill the kobold!
Trog accepts your kill. The kobold barely misses you. The shadow imp hits you.
A jackal comes into view.
You barely miss the kobold. You barely miss the shadow imp.
The kobold hits you with a +0 dagger. The shadow imp gestures at you.
Pain shoots through your body!
A jackal comes into view.
The kobold barely misses you.
You miss the kobold. You hit the shadow imp.
The shadow imp hits you but does no damage.
The kobold hits you with a +0 dagger. The shadow imp closely misses you.
You hit the kobold.
You kill the kobold!
Trog accepts your kill.
You hit the shadow imp.
The jackal pauses to sniff the ground.
The shadow imp hits you but does no damage.
You hit the shadow imp but do no damage.
The shadow imp is heavily wounded.
The shadow imp hits you. x2
You hit the shadow imp but do no damage.
The shadow imp is heavily wounded.
The shadow imp closely misses you.
You hit the shadow imp.
The shadow imp is severely wounded.
The shadow imp gestures at you. Pain shoots through your body!
* * * LOW HITPOINT WARNING * * *
The shadow imp gestures at you. Pain shoots through your body!
You die... .....# ...... .....(# ....... ### ### ....h ##.######..# .KK

#...#.##...#
#5####.........#
#)@...(...#..###
. #........#####
.. ###..#.###
.>.#.#.....#
...........##
.........##.###
..............#
.##...........#
#.......#....#


You could see a kobold brigand, a shadow imp, a jackal and a kobold.

Vanquished Creatures
  Crazy Yiuf (D:2)
  Jessica (D:3)
  5 gnolls
  2 adders
  An ufetubus (D:5)
  A dart slug (D:2)
  2 ball pythons
  5 endoplasms
  2 hobgoblins (D:2)
  8 jackals
  9 kobolds
  A quokka (D:1)
  3 bats
  2 frilled lizards (D:1)
  8 goblins
  2 rats
53 creatures vanquished.

Notes
Turn   | Place    | Note
-------+----------+-------------------------------------------
     0 | D:1      | Spyer the Hill Orc Berserker began the quest for the Orb.
     0 | D:1      | Reached XP level 1. HP: 19/19 MP: 1/1
   288 | D:1      | Reached XP level 2. HP: 20/27 MP: 2/2
   493 | D:1      | Reached XP level 3. HP: 27/33 MP: 3/3
   829 | D:2      | Found Erafuq's Weapon Boutique.
   920 | D:2      | Reached skill level 5 in Axes
  1019 | D:2      | Found a faded altar of an unknown god.
  1031 | D:2      | Reached ** piety under Trog
  1235 | D:2      | Reached XP level 4. HP: 7/40 MP: 4/4
  1238 | D:2      | HP: 2/40 [poisoned by an adder]
  1475 | D:2      | Found a runed translucent door.
  1476 | D:2      | Noticed Crazy Yiuf
  1484 | D:2      | Killed Crazy Yiuf
  1485 | D:2      | Reached skill level 6 in Axes
  1733 | D:3      | Reached XP level 5. HP: 46/46 MP: 5/5
  1848 | D:3      | Noticed Jessica
  1854 | D:3      | Killed Jessica
  1870 | D:3      | You fall into a shaft and drop 2 floors!
  1870 | D:5      | Entered Level 5 of the Dungeon
  1917 | D:5      | Noticed a kobold brigand
  1938 | D:5      | Killed from afar by a shadow imp

Illustrated notes

Levels and vault maps discovered:
D:1:      dpeg_arrival_pits, layout_loops_ring
D:2:      layout_loops_ring, serial_shops, shop_statue,
          shapermc_ecumenical_altar_notcrosses, uniq_crazy_yiuf_cottage
D:3:      layout_basic, uniq_jessica
D:5:      layout_cave_pools, mainiacjoe_overflow_alcove_1, kennysheep_mini_moat,
          nicolae_wu_jian_wuxing_cycle, gammafunk_ghost_arena

Skill      XL: |  1  2  3  4  5 |
---------------+----------------+-----
Fighting       | 4 |  4.1
Axes           | 5 6 |  6.1
Dodging        | 2 |  2.6
Armour         | 3 |  3.3

Action                   |  1- 3 |  4- 6 || total
-------------------------+-------+-------++-------
Melee: Hand axe          |    83 |    55 ||   138
Invok: Berserk           |    10 |     5 ||    15
       Trog's Hand       |       |     1 ||     1
Armor: Animal skin       |    13 |       ||    13
       Ring mail         |       |    28 ||    28
Dodge: Dodged            |    50 |    40 ||    90
